| TOP OF THE 1ST |
|
University of Minnesota Golden Gophers batting - Pitching for University of Southern California Trojans : RHP Ville Nyman
|
|
Pitching: RHP Ville Nyman
|
|
|
Batting: RHB Alex Guerra
|
0-0: Ball 1-0: Ball 2-0: TRIPLE (Line Drive, 78XD, EV 111.9 MPH)
|
|
Batting: RHB Tatsuyoshi Ikeda
|
0-0: Ball 1-0: Foul Ball, location: 2F 1-1: Ball 2-1: Swinging Strike 2-2: Ball 3-2: Foul Ball, location: 2F 3-2: Strikes out swinging
|
|
Batting: RHB Ozzie Buendia
|
0-0: Ball 1-0: Ground out 4-3 (Groundball, 4M, EV 87.5 MPH) Alex Guerra scores
|
|
Batting: RHB Adler Cananis
|
0-0: Ground out U3 (Groundball, 3, EV 89.4 MPH)
|
| Top of the 1st over - 1 run, 1 hit, 0 errors, 0 left on base; University of Minnesota 1 - University of Southern California 0 |
| BOTTOM OF THE 1ST |
|
University of Southern California Trojans batting - Pitching for University of Minnesota Golden Gophers : RHP Nick Gonzalez
|
|
Pitching: RHP Nick Gonzalez
|
|
|
Batting: RHB Liangde Zhou
|
0-0: Called Strike 0-1: Ball 1-1: Ball 2-1: Ball 3-1: Fly out, F8 (Flyball, 8LD, EV 78.1 MPH)
|
|
Batting: RHB Mike Woodard
|
0-0: Called Strike 0-1: Swinging Strike 0-2: Ball 1-2: Ball 2-2: Foul Ball, location: 2F 2-2: Ball 3-2: Foul Ball, location: 2F 3-2: Strikes out swinging
|
|
Batting: RHB Omar Garce
|
0-0: Called Strike 0-1: Fly out, F8 (Flyball, 8RM, EV 97.5 MPH)
|
| Bottom of the 1st over - 0 runs, 0 hits, 0 errors, 0 left on base; University of Minnesota 1 - University of Southern California 0 |
| TOP OF THE 2ND |
|
University of Minnesota Golden Gophers batting - Pitching for University of Southern California Trojans : RHP Ville Nyman
|
|
Batting: LHB Dick Shafer
|
0-0: Foul Ball, location: 2F 0-1: Ball 1-1: Swinging Strike 1-2: Ball 2-2: Ball 3-2: Base on Balls
|
|
Batting: RHB Ned Scovell
|
0-0: Ball 1-0: Fielders Choice at 2nd, 1-4 (Groundball, 15S, EV 71.9 MPH)
|
|
Batting: RHB Jarrod Strickhouser
|
0-0: Called Strike 0-1: Ball 1-1: Fielders Choice at 2nd, 6-4 (Groundball, 6M, EV 83.8 MPH)
|
|
Batting: RHB Kevin Harris
|
0-0: Ball 1-0: Swinging Strike 1-1: Ball 2-1: Swinging Strike 2-2: Foul Ball, location: 2F 2-2: Ball 3-2: Foul Ball, location: 2F 3-2: Strikes out swinging
|
| Top of the 2nd over - 0 runs, 0 hits, 0 errors, 1 left on base; University of Minnesota 1 - University of Southern California 0 |
| BOTTOM OF THE 2ND |
|
University of Southern California Trojans batting - Pitching for University of Minnesota Golden Gophers : RHP Nick Gonzalez
|
|
Batting: RHB Eric Baker
|
0-0: Ball 1-0: Called Strike 1-1: Foul Ball, location: 2F 1-2: Strikes out swinging
|
|
Batting: SHB Jose Santiago
|
0-0: Called Strike 0-1: Ball 1-1: Ball 2-1: Foul Ball, location: 2F 2-2: Strikes out swinging
|
|
Batting: RHB Edwin Figueroa
|
0-0: Ball 1-0: Ball 2-0: Foul Ball, location: 2F 2-1: Foul Ball, location: 2F 2-2: SINGLE (Groundball, 34D, EV 101.9 MPH)
|
|
Batting: LHB John Rumbolt
|
0-0: Swinging Strike 0-1: Called Strike 0-2: Foul Ball, location: 2F 0-2: Strikes out swinging
|
| Bottom of the 2nd over - 0 runs, 1 hit, 0 errors, 1 left on base; University of Minnesota 1 - University of Southern California 0 |
| TOP OF THE 3RD |
|
University of Minnesota Golden Gophers batting - Pitching for University of Southern California Trojans : RHP Ville Nyman
|
|
Batting: RHB Domingas Saragoa
|
0-0: Ball 1-0: Called Strike 1-1: Ball 2-1: Ground out 6-3 (Groundball, 6, EV 98.8 MPH)
|
|
Batting: RHB Alex Guerra
|
0-0: Called Strike 0-1: Foul Ball, location: 2F 0-2: Ball 1-2: Foul Ball, location: 2F 1-2: Strikes out swinging, 2-3 out at first.
|
|
Batting: RHB Tatsuyoshi Ikeda
|
0-0: Ball 1-0: Called Strike 1-1: Called Strike 1-2: Ball 2-2: Ground out 1-3 (Groundball, 15S, EV 60.6 MPH)
|
| Top of the 3rd over - 0 runs, 0 hits, 0 errors, 0 left on base; University of Minnesota 1 - University of Southern California 0 |
| BOTTOM OF THE 3RD |
|
University of Southern California Trojans batting - Pitching for University of Minnesota Golden Gophers : RHP Nick Gonzalez
|
|
Batting: LHB Justin Veirs
|
0-0: Ball 1-0: Ball 2-0: Called Strike 2-1: Fly out, F7 (Flyball, 78S, EV 83.8 MPH)
|
|
Batting: RHB Ryan Thurston
|
0-0: Ball 1-0: Foul Ball, location: 2F 1-1: Foul Ball, location: 2F 1-2: Strikes out swinging
|
|
Batting: RHB Liangde Zhou
|
0-0: Called Strike 0-1: Ball 1-1: Called Strike 1-2: Ball 2-2: Foul Ball, location: 2F 2-2: Foul Ball, location: 2F 2-2: Fly out, F7 (Flyball, 7, EV 86.2 MPH)
|
| Bottom of the 3rd over - 0 runs, 0 hits, 0 errors, 0 left on base; University of Minnesota 1 - University of Southern California 0 |
| TOP OF THE 4TH |
|
University of Minnesota Golden Gophers batting - Pitching for University of Southern California Trojans : RHP Ville Nyman
|
|
Batting: RHB Ozzie Buendia
|
0-0: Ground out 5-3 (Groundball, 56S, EV 79.4 MPH)
|
|
Batting: RHB Adler Cananis
|
0-0: Called Strike 0-1: Called Strike 0-2: Ball 1-2: Foul Ball, location: 2F 1-2: Foul Ball, location: 2F 1-2: Ball 2-2: Strikes out swinging, 2-3 out at first.
|
|
Batting: LHB Dick Shafer
|
0-0: Ball 1-0: Foul Ball, location: 2F 1-1: Ball 2-1: Foul Ball, location: 2F 2-2: Foul Ball, location: 2F 2-2: Ball 3-2: Strikes out swinging
|
| Top of the 4th over - 0 runs, 0 hits, 0 errors, 0 left on base; University of Minnesota 1 - University of Southern California 0 |
| BOTTOM OF THE 4TH |
|
University of Southern California Trojans batting - Pitching for University of Minnesota Golden Gophers : RHP Nick Gonzalez
|
|
Batting: RHB Mike Woodard
|
0-0: Ball 1-0: Called Strike 1-1: Foul Ball, location: 2F 1-2: Strikes out swinging
|
|
Batting: RHB Omar Garce
|
0-0: Called Strike 0-1: Foul Ball, location: 2F 0-2: Strikes out looking
|
|
Batting: RHB Eric Baker
|
0-0: Ball 1-0: Called Strike 1-1: Ground out 3-1 (Groundball, 13, EV 83.8 MPH)
|
| Bottom of the 4th over - 0 runs, 0 hits, 0 errors, 0 left on base; University of Minnesota 1 - University of Southern California 0 |
| TOP OF THE 5TH |
|
University of Minnesota Golden Gophers batting - Pitching for University of Southern California Trojans : RHP Ville Nyman
|
|
Batting: RHB Ned Scovell
|
0-0: Called Strike 0-1: Foul Ball, location: 2F 0-2: Ball 1-2: Ball 2-2: Foul Ball, location: 2F 2-2: DOUBLE (Groundball, 5L, EV 96.9 MPH)
|
|
Batting: RHB Jarrod Strickhouser
|
0-0: Ball 1-0: Foul Ball, location: 2F 1-1: Ball 2-1: Ball 3-1: Swinging Strike 3-2: SINGLE (Groundball, 56D, EV 101.9 MPH) Ned Scovell to third
|
|
Batting: RHB Kevin Harris
|
0-0: Swinging Strike 0-1: Ball 1-1: Ball 2-1: Foul Ball, location: 2F 2-2: SINGLE (Groundball, 34, EV 101.9 MPH) (infield hit) Ned Scovell scores Jarrod Strickhouser to second
|
|
Pitching: RHP Reed Bauer
|
|
|
Batting: RHB Domingas Saragoa
|
0-0: Fly out, F8 (Line Drive, 8RM, EV 93.8 MPH)
|
|
Batting: RHB Alex Guerra
|
0-0: Swinging Strike 0-1: Ball 1-1: Ball 2-1: Foul Ball, location: 2F 2-2: Strikes out swinging
|
|
Batting: RHB Tatsuyoshi Ikeda
|
0-0: Ball 1-0: Ball 2-0: Called Strike 2-1: Ball 3-1: Called Strike 3-2: Strikes out swinging
|
| Top of the 5th over - 1 run, 3 hits, 0 errors, 2 left on base; University of Minnesota 2 - University of Southern California 0 |
| BOTTOM OF THE 5TH |
|
University of Southern California Trojans batting - Pitching for University of Minnesota Golden Gophers : RHP Nick Gonzalez
|
|
Batting: SHB Jose Santiago
|
0-0: Called Strike 0-1: Called Strike 0-2: Ground out 1-3 (Groundball, 34S, EV 69.4 MPH)
|
|
Batting: RHB Edwin Figueroa
|
0-0: Ball 1-0: Foul Ball, location: 2F 1-1: Ball 2-1: Swinging Strike 2-2: Ground out 4-3 (Groundball, 4, EV 87.5 MPH)
|
|
Batting: LHB John Rumbolt
|
0-0: Ground out U3 (Groundball, 3, EV 83.8 MPH)
|
| Bottom of the 5th over - 0 runs, 0 hits, 0 errors, 0 left on base; University of Minnesota 2 - University of Southern California 0 |
| TOP OF THE 6TH |
|
University of Minnesota Golden Gophers batting - Pitching for University of Southern California Trojans : RHP Reed Bauer
|
|
Batting: RHB Ozzie Buendia
|
0-0: Foul Ball, location: 2F 0-1: Ball 1-1: Swinging Strike 1-2: SINGLE (Groundball, 4, EV 96.2 MPH)
|
|
Batting: RHB Adler Cananis
|
0-0: Ball 1-0: Ball 2-0: Reached on error, E6 (Groundball, 6, EV 85.0 MPH) Ozzie Buendia to second
|
|
Batting: LHB Dick Shafer
|
0-0: Foul Ball, location: 2F 0-1: Ball 1-1: Swinging Strike 1-2: Ball 2-2: Ball 3-2: Strikes out swinging
|
|
Batting: RHB Ned Scovell
|
0-0: Called Strike 0-1: Fielders Choice at 2nd, 6-4 (Groundball, 6, EV 106.9 MPH) Ozzie Buendia to third
|
|
Batting: RHB Jarrod Strickhouser
|
0-0: Called Strike 0-1: Ball 1-1: Reached on error, E6 (Groundball, 6, EV 82.5 MPH) Ozzie Buendia scores Ned Scovell to second
|
|
Batting: RHB Kevin Harris
|
0-0: Called Strike 0-1: Fielders Choice at 2nd, 6-4 (Groundball, 6, EV 88.1 MPH)
|
| Top of the 6th over - 1 run, 1 hit, 2 errors, 2 left on base; University of Minnesota 3 - University of Southern California 0 |
| BOTTOM OF THE 6TH |
|
University of Southern California Trojans batting - Pitching for University of Minnesota Golden Gophers : RHP Nick Gonzalez
|
|
Batting: LHB Justin Veirs
|
0-0: Called Strike 0-1: Foul Ball, location: 2F 0-2: SINGLE (Groundball, 6MS, EV 67.5 MPH) (infield hit)
|
|
Batting: RHB Ryan Thurston
|
0-0: Called Strike 0-1: Ball Justin Veirs is caught stealing 2nd base 2-4 1-1: Ball 2-1: SINGLE (Line Drive, 3D, EV 97.5 MPH)
|
|
Batting: RHB Liangde Zhou
|
0-0: Ball Ryan Thurston is caught stealing 2nd base 2-4 1-0: Fly out, F4 (Popup, 4M, EV 65.6 MPH)
|
| Bottom of the 6th over - 0 runs, 2 hits, 0 errors, 0 left on base; University of Minnesota 3 - University of Southern California 0 |
| TOP OF THE 7TH |
|
University of Minnesota Golden Gophers batting - Pitching for University of Southern California Trojans : RHP Reed Bauer
|
|
Batting: RHB Domingas Saragoa
|
0-0: Ground out 4-3 (Groundball, 4S, EV 74.4 MPH)
|
|
Batting: RHB Alex Guerra
|
0-0: Ground out U3 (Groundball, 3, EV 80.6 MPH)
|
|
Batting: RHB Tatsuyoshi Ikeda
|
0-0: Swinging Strike 0-1: Ball 1-1: Ball 2-1: Ball 3-1: Called Strike 3-2: Strikes out swinging, 2-3 out at first.
|
| Top of the 7th over - 0 runs, 0 hits, 0 errors, 0 left on base; University of Minnesota 3 - University of Southern California 0 |
| BOTTOM OF THE 7TH |
|
University of Southern California Trojans batting - Pitching for University of Minnesota Golden Gophers : RHP Nick Gonzalez
|
|
Pitching: RHP Eddie Young
|
|
|
Pinch Hitting: LHB Roger Kean
|
0-0: Ball 1-0: Ball 2-0: Ball 3-0: Called Strike 3-1: Base on Balls
|
|
Pinch Hitting: RHB Jim Baltazar
|
0-0: Called Strike 0-1: Ball 1-1: Foul Ball, location: 2F 1-2: Strikes out swinging
|
|
Batting: RHB Eric Baker
|
0-0: Ball 1-0: Ball 2-0: Swinging Strike 2-1: Swinging Strike 2-2: Fly out, F8 (Flyball, 8LD, EV 85.0 MPH)
|
|
Batting: SHB Jose Santiago
|
0-0: Ball 1-0: Called Strike 1-1: Fly out, F9 (Flyball, 9, EV 83.8 MPH)
|
| Bottom of the 7th over - 0 runs, 0 hits, 0 errors, 1 left on base; University of Minnesota 3 - University of Southern California 0 |
| TOP OF THE 8TH |
|
University of Minnesota Golden Gophers batting - Pitching for University of Southern California Trojans : RHP Reed Bauer
|
|
Pitching: RHP Aaron Haver
|
|
|
Now at 1B: Jim Baltazar
|
|
|
Now at SS: Jeremy McAbee
|
|
|
Batting: RHB Ozzie Buendia
|
0-0: Called Strike 0-1: Ball 1-1: Swinging Strike 1-2: Foul Ball, location: 2F 1-2: Foul Ball, location: 2F 1-2: Ball 2-2: Foul Ball, location: 2F 2-2: Strikes out swinging
|
|
Batting: LHB Bobby Agterberg
|
0-0: Ball 1-0: Foul Ball, location: 2F 1-1: Ball 2-1: Foul Ball, location: 2F 2-2: Strikes out swinging
|
|
Batting: LHB Dick Shafer
|
0-0: Called Strike 0-1: Ball 1-1: Foul Ball, location: 2F 1-2: Ball 2-2: Foul Ball, location: 2F 2-2: Ball 3-2: Strikes out swinging, 2-3 out at first.
|
| Top of the 8th over - 0 runs, 0 hits, 0 errors, 0 left on base; University of Minnesota 3 - University of Southern California 0 |
| BOTTOM OF THE 8TH |
|
University of Southern California Trojans batting - Pitching for University of Minnesota Golden Gophers : RHP Eddie Young
|
|
Pitching: LHP Bill Parker
|
|
|
Now in RF: Roy Evenden
|
|
|
Batting: RHB Edwin Figueroa
|
0-0: Called Strike 0-1: Ground out 3-1 (Groundball, 34, EV 100.6 MPH)
|
|
Batting: RHB John Sandberg
|
0-0: SINGLE (Groundball, 4, EV 106.9 MPH)
|
|
Pinch Hitting: RHB Tri Kartini
|
0-0: Called Strike 0-1: Called Strike 0-2: Ball 1-2: Strikes out looking
|
|
Batting: RHB Ryan Thurston
|
0-0: Ball 1-0: Ground out U3 (Groundball, 23, EV 83.1 MPH)
|
| Bottom of the 8th over - 0 runs, 1 hit, 0 errors, 1 left on base; University of Minnesota 3 - University of Southern California 0 |
| TOP OF THE 9TH |
|
University of Minnesota Golden Gophers batting - Pitching for University of Southern California Trojans : RHP Aaron Haver
|
|
Now in LF: Victor Reyna
|
|
|
Pinch Hitting: LHB Ivan Villegas
|
0-0: Ground out 6-3 (Groundball, 6, EV 91.9 MPH)
|
|
Pinch Hitting: LHB Gabe Cothron
|
0-0: Ball 1-0: Ball 2-0: Foul Ball, location: 2F 2-1: Swinging Strike 2-2: Foul Ball, location: 2F 2-2: Ground out 1-3 (Groundball, 13, EV 69.4 MPH)
|
|
Batting: RHB Kevin Harris
|
0-0: Foul Ball, location: 2F 0-1: Foul Ball, location: 2F 0-2: Foul Ball, location: 3F, Error on foul ball, E3 0-2: Foul Ball, location: 2F 0-2: Foul Ball, location: 2F 0-2: Ball 1-2: Ball 2-2: Foul Ball, location: 2F 2-2: SINGLE (Groundball, 4, EV 106.2 MPH)
|
|
Batting: RHB Domingas Saragoa
|
0-0: Fielders Choice at 2nd, 5-4 (Groundball, 5, EV 90.6 MPH)
|
| Top of the 9th over - 0 runs, 1 hit, 1 error, 1 left on base; University of Minnesota 3 - University of Southern California 0 |
| BOTTOM OF THE 9TH |
|
University of Southern California Trojans batting - Pitching for University of Minnesota Golden Gophers : LHP Bill Parker
|
|
Pitching: RHP Adam Wickwire
|
|
|
Now in LF: Alex Villa
|
|
|
Now in CF: Chris Rodgers
|
|
|
Pinch Hitting: SHB Mhelter Daulong
|
0-0: Fly out, F9 (Flyball, 9LM, EV 82.5 MPH)
|
|
Pinch Hitting: LHB Brad Betterton
|
0-0: Called Strike 0-1: Called Strike 0-2: Ball 1-2: Ball 2-2: Strikes out swinging
|
|
Batting: RHB Jim Baltazar
|
0-0: Ball 1-0: Foul Ball, location: 2F 1-1: Ball 2-1: Ground out 5-3 (Groundball, 56, EV 85.6 MPH)
|
| Bottom of the 9th over - 0 runs, 0 hits, 0 errors, 0 left on base; University of Minnesota 3 - University of Southern California 0 |
|